 Dungeon Crawl Stone Soup version bcrawl-1.40.2 (webtiles) character file.

Game seed: 7558447505433581302

189340 MisterOstroum the Skirmisher (level 5, -9/50 HPs)
             Began as a Hill Orc Martial Artist on Nov 14, 2023.
             Was a Believer of Wu Jian.
             Mangled by an ogre
             ... wielding a +0 giant club
              (15 damage)
             ... on level 4 of the Dungeon.
             The game lasted 00:03:59 (1852 turns).

MisterOstroum the Skirmisher (HOMA)                 Turns: 1852, Time: 00:04:00

Health: -9/50      AC:  6    Str: 16    XL:     5   Next: 61%
Magic:  6/6        EV: 14    Int:  9    God:    Wu Jian [**....]
Gold:   197        SH:  0    Dex: 13    Spells: 5/6 levels left

rFire    . . .     GDR:     25%   - Fists (7.8)
rCold    . . .     SeeInvis .   (no shield)
rNeg     . . .     Gourm    .   t - +0 scale mail
rPois    .         Faith    .   (no helmet)
rElec    .         Spirit   .   (no cloak)
rCorr    .         Reflect  .   (no gloves)
MR       +....                  (no boots)
Stlth    ..........             (no amulet)
HPRegen  0.18/turn              c - ring of protection from magic
MPRegen  0.10/turn              g - +5 ring of evasion

@: heavily drained
A: no striking features
a: Wall Jump, Serpent's Lash, Renounce Religion


You were on level 4 of the Dungeon.
You worshipped Wu Jian.
Wu Jian was pleased with you.
You were not hungry.

You visited 1 branch of the dungeon, and saw 4 of its levels.

You collected 197 gold pieces.

Inventory:

Hand Weapons
 d - a +0 dagger
 f - a +1 hand axe
Missiles
 h - 175 bolts
 s - 208 sling bullets
Armour
 a - a +0 robe
 t - a +0 scale mail (worn)
Jewellery
 c - a ring of protection from magic (left hand)
 g - a +5 ring of evasion (right hand)
Wands
 v - a wand of flame (18)
Scrolls
 i - a scroll of identify {@r1}
Potions
 b - a potion of agility {@q5 !q}
 j - a potion of heal wounds {unknown}
 l - a potion of ambrosia {unknown}
 m - a potion of flight {unknown}
 p - a potion of magic {unknown}
 u - a potion of lignification {unknown}
Comestibles
 e - 7 rations {!d}
 r - 3 chunks of flesh


   Skills:
 + Level 6.2(3.4) Fighting
   Level 6.2(3.4) Short Blades
   Level 6.2(3.4) Long Blades
   Level 6.2(3.4) Axes
   Level 6.2(3.4) Maces & Flails
   Level 6.2(3.4) Polearms
   Level 6.2(3.4) Staves
 - Level 2.4(0.0) Dodging
 - Level 0.8(0.0) Stealth
   Level 6.2(3.4) Unarmed Combat
 - Level 1.0(0.0) Spellcasting
 - Level 1.0(0.0) Hexes


You had 5 spell levels left.
You knew the following spells:

 Your Spells              Type           Power        Failure   Level  Hunger
a - Confusing Touch       Hex            #.......     83%         1    None
Your spell library was empty.

Dungeon Overview and Level Annotations

Branches:
Dungeon (4/12)
 Temple: D:4-7

Altars:
Ashenzari
Kikubaaqudgha
Lugonu
Sif Muna


Message History

You hit the hobgoblin but do no damage.
The hobgoblin hits you but does no damage.
You closely miss the hobgoblin. The hobgoblin barely misses you.
You hit the hobgoblin but do no damage. The hobgoblin hits you with a +0 club.
* * * LOW HITPOINT WARNING * * *
You barely miss the hobgoblin.
The hobgoblin hits you but does no damage.
You barely miss the hobgoblin. You hit the hobgoblin.
The hobgoblin is moderately wounded.
The hobgoblin hits you but does no damage.
You hit the hobgoblin.
The hobgoblin is heavily wounded.
The hobgoblin hits you but does no damage.
You hit the hobgoblin but do no damage.
The hobgoblin is heavily wounded.
Your scale mail prevents you from hitting the hobgoblin.
The hobgoblin is heavily wounded.
The hobgoblin hits you but does no damage.
You hit the hobgoblin.
The hobgoblin is severely wounded.
The hobgoblin hits you but does no damage.
You hit the hobgoblin.
The hobgoblin is almost dead.
The hobgoblin hits you but does no damage.
You closely miss the hobgoblin.
The hobgoblin is almost dead.
You punch the hobgoblin!
You kill the hobgoblin!
The Council accepts your kill.
Things that are here:
a +0 club; a hobgoblin corpse You butcher the hobgoblin corpse.
r - 4 chunks of flesh (gained 3)
Things that are here:
a +0 club; a hobgoblin skeleton
There is a stone staircase leading up here.
As you read the scroll labeled HOSONUSIEPA, it crumbles to dust.
It is a scroll of amnesia.
Really abort (and waste the scroll)?
Okay, then.
As you read the scroll labeled MUCAC WEPS, it crumbles to dust.
You feel strangely unstable.
It was a scroll of teleportation.
As you read the scroll labeled KAEQOLYDGHU, it crumbles to dust.
It is a scroll of enchant weapon.
Your hand axe glows red for a moment.
As you read the scroll labeled RALIZ QEDEJ, it crumbles to dust.
The air around you briefly surges with heat, but it dissipates.
It was a scroll of immolation.
You start resting.
Eating one of 4 chunks of flesh.
You eat one of the 4 chunks of flesh.
This raw flesh tastes terrible.
Your surroundings suddenly seem different.
An ogre comes into view. It is wielding a +0 giant spiked club.
The ogre shouts!
An ogre comes into view. It is wielding a +0 giant club.
Wield which item (- for none, * to show all)? (? for menu, Esc to quit)
Okay, then.
Okay, then.
You see here 11 gold pieces.
Your muscles tense, ready for explosive movement...
You lunge with incredible momentum at the ogre.
You hit the ogre.
The ogre is lightly wounded.
You lunge with incredible momentum at the ogre.
You punch the ogre!
The ogre is heavily wounded.
You spin and attack the ogre repeatedly, with incredible momentum.
You hit the ogre.
The ogre is lightly wounded.
You hit the ogre but do no damage.
The ogre is lightly wounded.
You feel drained.
Your supernatural speed expires.
You spin and attack the ogre.
You hit the ogre but do no damage.
The ogre is lightly wounded.
The ogre misses you. The ogre completely misses you.
You feel less exhausted.
Okay, then.
Unknown command.
You lunge at the ogre.
Your scale mail prevents you from hitting the ogre.
The ogre is heavily wounded.
The ogre closely misses you.
You lunge at the ogre.
Your scale mail prevents you from hitting the ogre.
The ogre is heavily wounded.
The ogre hits you with a +0 giant club!
* * * LOW HITPOINT WARNING * * *
An orc comes into view.
You hear the slow hiss of an avalanche of sand.
The orc shouts!
You hear a shout! x3
Okay, then.
You spin and attack the ogre.
You barely miss the ogre.
The ogre is heavily wounded.
The ogre completely misses you. The ogre closely misses you.
You spin and attack the ogre.
You barely miss the ogre.
The ogre is heavily wounded.
You spin and attack the ogre.
You hit the ogre.
The ogre is lightly wounded.
The ogre hits you with a +0 giant club!
You die...

. ##. ...# o##.. #...
#...# #.. #...# ... #..!#
#.# #...# #)# # #...#
#.###<# #. #.O.# #....)#
#.## ###O@.# #.....#
#..#####..##.......(.....#
#.......## ##..####.....#
###.##### .## #.....# #.#
#.# #.>...#
#O#########.###########
#...O...........#
#######.........#
#..!......#


You could see 2 ogres and an orc.

Vanquished Creatures
  An orc priest (D:3)
  2 orc wizards (D:3)
  A worker ant (D:3)
  An adder (D:3)
  An ooze (D:1)
  A worm (D:2)
  3 leopard geckos (D:2)
  4 bats
  2 giant cockroaches
  6 goblins
  5 hobgoblins
  4 jackals (D:1)
  A ball python (D:1)
  4 frilled lizards
  2 kobolds (D:1)
  6 rats
44 creatures vanquished.

Notes
Turn   | Place    | Note
-------+----------+-------------------------------------------
     0 | D:1      | MisterOstroum the Hill Orc Martial Artist began the quest
                  | for the Orb.
     0 | D:1      | Reached XP level 1. HP: 20/20 MP: 2/2
   136 | D:1      | Reached XP level 2. HP: 28/28 MP: 3/3
   648 | D:1      | Reached XP level 3. HP: 35/35 MP: 4/4
   908 | D:2      | Reached skill level 5 in Fighting
   909 | D:2      | Found a shimmering blue altar of Sif Muna.
  1245 | D:2      | Found a shattered altar of Ashenzari.
  1360 | D:2      | Found a corrupted altar of Lugonu.
  1489 | D:2      | Found an ancient bone altar of Kikubaaqudgha.
  1666 | D:3      | Reached ** piety under Wu Jian
  1710 | D:3      | Reached XP level 4. HP: 17/42 MP: 5/5
  1711 | D:3      | Reached XP level 5. HP: 20/50 MP: 6/6
  1744 | D:3      | Reached skill level 6 in Fighting
  1822 | D:4      | Noticed an ogre
  1822 | D:4      | Noticed an ogre
  1852 | D:4      | Mangled by an ogre

Skill      XL: |  1  2  3  4  5 |
---------------+----------------+-----
Fighting       | 5 6 |  6.2
Short Blades   | |  6.2
Long Blades    | |  6.2
Axes           | |  6.2
Maces & Flails | |  6.2
Polearms       | |  6.2
Staves         | |  6.2
Dodging        | |  2.4
Stealth        | |  0.8
Unarmed Combat | |  6.2
Spellcasting   | |  1.0
Hexes          | |  1.0

Action                   |  1- 3 |  4- 6 || total
-------------------------+-------+-------++-------
Melee: Unarmed           |    91 |    48 ||   139
       Dagger            |    24 |       ||    24
       Punch             |     1 |       ||     1
Throw: Stone             |     1 |       ||     1
 Abil: Lunge             |     6 |     7 ||    13
       Whirlwind         |     1 |    18 ||    19
       Serpent's Lash    |       |     4 ||     4
Evoke: Wand              |       |     1 ||     1
  Use: Scroll            |       |     4 ||     4
 Stab: Sleeping          |     3 |       ||     3
  Eat: Chunk             |     5 |     1 ||     6
Armor: Robe              |     8 |       ||     8
       Scale mail        |     3 |    14 ||    17
Dodge: Dodged            |    55 |    31 ||    86
